 Dungeon Crawl Stone Soup version 0.22-a0-567-gff9aefc (webtiles) character file.

86 Hebeh the Shield-Bearer (level 4, 0/40 HPs)
             Began as a Minotaur Fighter on June 29, 2018.
             Killed by divine providence
             ... invoked by an orc priest
              (13 damage)
             ... on level 3 of the Dungeon.
             The game lasted 00:07:17 (1924 turns).

Hebeh the Shield-Bearer (Minotaur Fighter)          Turns: 1924, Time: 00:07:17

Health: 0/40       AC: 13    Str: 21    XL:     4   Next: 26%
Magic:  0/3        EV:  4    Int:  5    God:
Gold:   129        SH: 10    Dex: 10    Spells: 3/3 levels left

rFire    . . .     SeeInvis .   n - +0 mace (curse)
rCold    . . .     Gourm    .   c - +1 shield
rNeg     + . .     Faith    .   h - +0 plate armour (curse)
rPois    .         Spirit   +   (helmet restricted)
rElec    .         Reflect  .   (no cloak)
rCorr    .         Harm     .   p - +0 pair of gloves
MR       .....                  (no boots)
Stlth    ..........             k - amulet of guardian spirit
HPRegen  0.13/turn              r - ring of positive energy
MPRegen  0.08/turn              (no ring)

@: no status effects
A: retaliatory headbutt, horns 2
a: no special abilities


You were on level 3 of the Dungeon.
You were not hungry.

You visited 1 branch of the dungeon, and saw 3 of its levels.

You collected 129 gold pieces.

Inventory:

Hand Weapons
 a - a +1 war axe
 i - a +3 mace
 n - a cursed +0 mace (weapon)
Armour
 b - a +0 scale mail
 c - a +1 shield (worn)
 h - a cursed +0 plate armour (worn)
 p - a +0 pair of gloves (worn)
Jewellery
 k - an amulet of guardian spirit (around neck)
 r - a ring of positive energy (left hand)
Wands
 e - a wand of polymorph (10)
Scrolls
 o - 4 scrolls of identify
Potions
 d - a potion of might
 g - 3 potions of curing {unknown}
 j - a potion of berserk rage
 l - a potion of ambrosia {unknown}
Comestibles
 f - 2 rations
 m - 3 chunks of flesh


   Skills:
 + Level 4.2 Fighting
 * Level 3.9 Axes
 + Level 4.2 Armour
 + Level 4.3 Shields


You had 3 spell levels left.
You didn't know any spells.
Your spell library was empty.

Dungeon Overview and Level Annotations

Branches:
Dungeon (3/15)

Altars:
Ashenzari
Elyvilon
Nemelex Xobeh
Wu Jian
Zin


Innate Abilities, Weirdness & Mutations

You reflexively headbutt those who attack you in melee.
You have a pair of horns on your head.


Message History

The tomahawk of returning barely misses you.
The weapon returns to the orc!
An orc comes into view. It is wielding a short sword.
The orc wizard hits you but does no damage.
The orc throws a tomahawk of returning.
The tomahawk of returning barely misses you.
The weapon returns to the orc!
You closely miss the orc wizard.
The orc wizard is heavily wounded.
You block the orc wizard's attack.
The orc priest hits you with a vampiric whip.
You hit the orc wizard but do no damage.
The orc wizard is heavily wounded.
The orc wizard looks braver for a moment.
You block the orc priest's attack.
Okay, then.
The orc wizard hits you but does no damage.
The orc priest calls down the wrath of Beogh upon you.
Beogh smites you!
You die...

##....# ......#####
#.....+...#
##....###.#############
...................(...
#....)###.####..#######
#....<..#.# ##.##
#.#+###(#.# #..# #
#.#.# ##@## ....# #.o#
#.... ##o# #####


oo# #o# o# rg ... .. You could see an orc priest, an orc wizard, 4 orcs, a
quokka and a goblin.

Vanquished Creatures
  Robin (D:2)
  2 leopard geckos (D:2)
  2 orcs (D:3)
  7 bats
  A giant cockroach (D:1)
  15 goblins
  8 hobgoblins
  8 jackals
  3 quokkas
  A ball python (D:1)
  3 frilled lizards
  4 kobolds
  5 rats
60 creatures vanquished.

Notes
Turn   | Place    | Note
-------+----------+-------------------------------------------
     0 | D:1      | Hebeh the Minotaur Fighter began the quest for the Orb.
     0 | D:1      | Reached XP level 1. HP: 19/19 MP: 0/0
    74 | D:1      | Reached XP level 2. HP: 21/27 MP: 1/1
   691 | D:1      | Reached XP level 3. HP: 33/33 MP: 2/2
   914 | D:2      | Noticed Robin
   929 | D:2      | Killed Robin
   934 | D:2      | Found a shattered altar of Ashenzari.
  1185 | D:2      | Reached XP level 4. HP: 39/40 MP: 1/3
  1228 | D:2      | Found a sparkling altar of Nemelex Xobeh.
  1335 | D:2      | Found a glowing silver altar of Zin.
  1336 | D:2      | Found a white marble altar of Elyvilon.
  1484 | D:2      | Found an ornate altar of the Wu Jian Council.
  1924 | D:3      | Killed from afar by an orc priest

Vault maps used:
D:1:      shiori_shiawase, minmay_splitting_lines
D:2:      nemelex_altar_shiori, marbit_many_paths, overflow_temple_1_default,
          gammafunk_temple_overflow_statue, first_ration, uniq_robin
D:3:      nicolae_qazlal_eye_of_the_storm, uniq_natasha

Skill      XL: |  1  2  3 |
---------------+----------+-----
Axes           | 3 |  3.9
Shields        | 4 |  4.3
Fighting       | 4 |  4.2
Armour         | 4 |  4.2

Action                   |  1- 3 |  4- 6 || total
-------------------------+-------+-------++-------
Melee: War axe           |   100 |    24 ||   124
       Headbutt          |     6 |     7 ||    13
       Mace              |       |    24 ||    24
  Use: Scroll            |     5 |     3 ||     8
  Eat: Chunk             |     1 |     1 ||     2
       Ration            |       |     1 ||     1
Armor: Scale mail        |    61 |    18 ||    79
       Plate armour      |       |    19 ||    19
Dodge: Dodged            |    37 |    14 ||    51
Block: Shield            |    77 |    30 ||   107

Table legend:
 A = Spawn XP
 B = Non-spawn XP
 C = Spawn XP percentage of total XP
 D = Spawn monster count
 E = Non-spawn monster count
 F = Spawn count percentage of total count
 G = Total turns spent on level
                    A         B        C        D         E        F      G
               +---------+---------+-------+---------+---------+-------+---------
         Total |       0 |     123 |   0.0 |       0 |      60 |   0.0 |  1924
               +---------+---------+-------+---------+---------+-------+---------
           D:1 |       0 |      41 |   0.0 |       0 |      25 |   0.0 |   873
           D:2 |       0 |      71 |   0.0 |       0 |      30 |   0.0 |  1002
           D:3 |       0 |      11 |   0.0 |       0 |       5 |   0.0 |    49
               +---------+---------+-------+---------+---------+-------+---------
